 Dungeon Crawl Stone Soup version 0.21.1-1-g345015f (console) character file.

8468 fly the Blocker (level 11, -4/96 HPs)
             Began as a Deep Dwarf Necromancer on May 12, 2018.
             Slain by a blink frog (16 damage)
             ... on level 2 of the Lair of Beasts.
             The game lasted 00:40:55 (12063 turns).

fly the Blocker (Deep Dwarf Necromancer)           Turns: 12063, Time: 00:40:56

Health: -4/96      AC:  8    Str: 12      XL:     11   Next: 10%
Magic:  15/15      EV: 17    Int: 17 (19) God:
Gold:   542        SH:  8    Dex: 12 (13) Spells: 7/16 levels left

rFire    . . .     SeeInvis .   a - +0 hand axe (venom)
rCold    . . .     Gourm    .   v - +2 buckler
rNeg     . . .     Faith    .   y - +2 animal skin
rPois    .         Spirit   .   e - +2 helmet
rElec    .         Reflect  .   q - scarf {cloud immunity}
rCorr    +         Harm     .   (no gloves)
MR       +....                  o - +0 pair of boots
Stlth    ++........             (no amulet)
HPRegen  0.00/turn              D - ring of resist corrosion
MPRegen  0.14/turn              (no ring)

@: non-regenerating
A: damage resistance, heal wounds, sense surroundings 2, no regeneration
a: Heal Wounds


You were on level 2 of the Lair of Beasts.
You were hungry.

You visited 2 branches of the dungeon, and saw 10 of its levels.

You collected 542 gold pieces.

Inventory:

Hand Weapons
 a - a +0 hand axe of venom (weapon)
 b - the +1 mace "Beenkic" {crush, +Inv Int+4}
   (You found it on level 7 of the Dungeon)

   It inflicts extra damage upon your enemies.
   It affects your intelligence (+4).
   It lets you turn invisible.
Armour
 e - a +2 helmet (worn)
 o - a +0 pair of boots (worn)
 q - a scarf of cloud immunity (worn)
 v - a +2 buckler (worn)
 y - a +2 animal skin (worn)
Jewellery
 D - a ring of resist corrosion (left hand)
Wands
 i - a wand of flame (24)
 k - a wand of paralysis (3)
 C - a wand of polymorph (13)
Scrolls
 d - 7 scrolls of teleportation
 h - a scroll of amnesia {unknown}
 p - a scroll of fog {unknown}
 s - a scroll of enchant armour
 t - 2 scrolls of immolation
 I - a scroll of blinking
Potions
 f - 3 potions of might
 g - a potion of agility
 j - a potion of mutation
 l - a potion of haste
 m - a potion of ambrosia
 r - 2 potions of invisibility
 w - 4 potions of flight
 z - 2 potions of lignification
 H - a potion of curing
Books
 x - a book of Maledictions

   Spells                             Type                      Level
   a - Corona                         Hexes                        1
   b - Ensorcelled Hibernation        Hexes/Ice                    2
   c - Confuse                        Hexes                        3
   d - Tukima's Dance                 Hexes                        3
   e - Dazzling Spray                 Conjuration/Hexes            3
 F - a book of Necromancy

   Spells                             Type                      Level
   a - Pain                           Necromancy                   1
   b - Animate Skeleton               Necromancy                   1
   c - Vampiric Draining              Necromancy                   3
   d - Regeneration                   Charms/Necromancy            3
   e - Animate Dead                   Necromancy                   4
   f - Borgnjor's Vile Clutch         Necromancy/Earth             5
Comestibles
 c - 25 rations


   Skills:
 + Level 5.5 Fighting
 - Level 9.0 Axes
 - Level 9.0 Dodging
 - Level 2.4 Stealth
 - Level 9.1 Shields
 - Level 3.0 Spellcasting
 - Level 9.0 Necromancy


You had 7 spell levels left.
You knew the following spells:

 Your Spells              Type           Power        Failure   Level  Hunger
c - Borgnjor's Vile Clut  Necr/Erth      ###.......   58%         5    ######.
v - Vampiric Draining     Necr           ####......   1%          3    ###....
z - Pain                  Necr           ####         1%          1    None


Dungeon Overview and Level Annotations

Branches:
Dungeon (8/15)             Temple (0/1) D:6            Lair (2/6) D:8
 Shoals (0/4) Lair:2       Spider (0/4) Lair:2

Altars:
Ashenzari
Dithmenos
Elyvilon
Fedhas
Gozag
Hepliaklqana
Makhleb
Nemelex Xobeh
Qazlal
Trog
Xom
Yredelemnul
Zin
The Shining One

Annotations:
Lair:1 Fannar, Sonja


Innate Abilities, Weirdness & Mutations

You are resistant to damage.
You can heal yourself by infusing magical energy.
You passively map the area around you.
You do not regenerate.


Message History

You feel very sick.
You see here 25 arrows.
Okay, then.
You feel sick.
You start resting.
You feel very sick.
You feel sick. x4
You are no longer poisoned.
You start resting.
Magic restored.
You see here 25 arrows.
There is an open door here.
You see here a redback corpse.
You see here a redback corpse.
The blink frog blinks!
There is an open door here.
The blink frog blinks!
The blink frog blinks!
The blink frog hits you!
You die...

## ###.### ......#
### ......####### #.#
.......#P##.###.###
.........§.†.#(...#
........####.'.F@.###
......### ###......##
.......#* #.......#
......#.# *#######.#
♣.....### * * *..#
.♣....# * .# ≈.♣"##
**, * * .* .≈≈≈..* *
, .# ≈≈.≈.♣ ,, , , ≈
*


You could see a blink frog.

Vanquished Creatures
  Joseph (Lair:1)
  A rime drake (Lair:1)
  2 komodo dragons (Lair:1)
  2 blink frogs (Lair:2)
  Prince Ribbit (D:6)
  2 hippogriffs
  A redback (Lair:2)
  A basilisk (Lair:2)
  7 yaks
  A water moccasin (Lair:1)
  5 porcupines
  An orc warrior (D:7)
  Duvessa (D:7)
  A sky beast (D:6)
  2 phantoms
  A black bear (D:8)
  A necrophage (D:5)
  3 ogres
  5 wolves (Lair:2)
  4 centaurs
  3 crocodiles
  A wyvern zombie (D:7)
  9 bullfrogs
  Dowan (D:7)
  3 scorpions
  6 killer bees (D:8)
  A water moccasin skeleton (D:8)
  7 howler monkeys
  4 wights (D:8)
  3 crimson imps
  2 hounds
  A centaur zombie (D:6)
  2 jellies
  3 orc priests
  Jessica (D:2)
  3 iguanas
  Crazy Yiuf (D:7)
  Terence (D:2)
  5 orc wizards
  7 worker ants
  A killer bee zombie (D:7)
  A hound skeleton (D:5)
  A worker ant zombie (D:6)
  Robin (D:2)
  3 gnolls (D:5)
  2 river rats (D:5)
  11 adders
  A shadow imp (D:5)
  A white imp (D:4)
  2 oozes (D:1)
  An adder skeleton (D:4)
  A worm (D:3)
  3 dart slugs
  5 leopard geckos
  16 orcs
  11 bats
  8 giant cockroaches
  5 hobgoblins
  11 jackals
  3 quokkas
  2 ball pythons (D:2)
  7 frilled lizards
  22 goblins
  4 kobolds
  A quokka zombie (D:7)
  9 rats
  A rat zombie (D:7)
  2 plants
243 creatures vanquished.

Vanquished Creatures (others)
  A centaur (D:7)
  An orc wizard (D:7)
  An orc (D:7)
  56 fungi
  40 plants
99 creatures vanquished.

Grand Total: 342 creatures vanquished

Notes
Turn   | Place    | Note
-------+----------+-------------------------------------------
     0 | D:1      | fly the Deep Dwarf Necromancer began the quest for the Orb.
     0 | D:1      | Reached XP level 1. HP: 15/15 MP: 3/3
   191 | D:1      | Reached XP level 2. HP: 20/22 MP: 3/5
   676 | D:1      | Reached skill level 5 in Necromancy
   676 | D:1      | Reached XP level 3. HP: 23/28 MP: 2/6
   682 | D:1      | Learned a level 3 spell: Vampiric Draining
  1010 | D:2      | Noticed Jessica
  1098 | D:2      | Killed Jessica
  1202 | D:2      | Reached XP level 4. HP: 27/36 MP: 1/8
  1397 | D:2      | Noticed Robin
  1407 | D:2      | Killed Robin
  1766 | D:2      | Noticed Terence
  1776 | D:2      | Killed Terence
  1776 | D:2      | Reached XP level 5. HP: 34/42 MP: 1/9
  2011 | D:2      | Found a stormy altar of Qazlal.
  2012 | D:2      | Found an opulent altar of Gozag.
  2012 | D:2      | Found a basalt altar of Yredelemnul.
  2012 | D:2      | Found a shattered altar of Ashenzari.
  2143 | D:3      | Noticed an ogre
  2286 | D:3      | Killed an ogre
  2743 | D:3      | Reached XP level 6. HP: 33/49 MP: 0/10
  3207 | D:4      | Reached skill level 5 in Dodging
  3324 | D:4      | Learned a level 5 spell: Borgnjor's Vile Clutch
  3813 | D:4      | Found a sparkling altar of Nemelex Xobeh.
  3849 | D:5      | Entered Level 5 of the Dungeon
  3861 | D:5      | Found a burning altar of Makhleb.
  4395 | D:4      | Reached skill level 1 in Axes
  4395 | D:4      | Reached XP level 7. HP: 36/55 MP: 11/11
  5178 | D:5      | Reached skill level 5 in Axes
  5576 | D:5      | Reached XP level 8. HP: 29/62 MP: 12/12
  5986 | D:6      | Found a staircase to the Ecumenical Temple.
  6050 | D:6      | Found a shadowy altar of Dithmenos.
  6538 | D:7      | Noticed Prince Ribbit
  6749 | D:6      | Killed Prince Ribbit
  6980 | D:7      | Gained mutation: You passively map the area around you. [Deep Dwarf growth]
  6980 | D:7      | Reached XP level 9. HP: 34/68 MP: 0/13
  7055 | D:7      | Noticed Duvessa
  7065 | D:7      | Noticed Dowan
  7066 | D:7      | Killed Duvessa
  7149 | D:7      | Killed Dowan
  7269 | D:7      | Found a shimmering altar of Xom.
  7626 | D:7      | Found a runed door.
  7630 | D:7      | Noticed Crazy Yiuf
  7634 | D:7      | Killed Crazy Yiuf
  7651 | D:7      | Got an encrusted mace
  7653 | D:7      | Identified the cursed +1 mace "Beenkic" {crush, +Inv Int+4} (You found it on level 7 of the Dungeon)
  7724 | D:7      | Found a blossoming altar of Fedhas.
  8518 | D:8      | Found a hazy altar of Hepliaklqana.
  8884 | D:8      | Reached XP level 10. HP: 73/75 MP: 0/14
  9034 | D:8      | Found a staircase to the Lair.
  9123 | D:8      | Found a bloodstained altar of Trog.
  9126 | D:8      | Reached skill level 5 in Shields
  9908 | D:8      | Found a glowing silver altar of Zin.
  9908 | D:8      | Found a white marble altar of Elyvilon.
  9908 | D:8      | Found a glowing golden altar of the Shining One.
 10017 | Lair:1   | Entered Level 1 of the Lair of Beasts
 10386 | Lair:1   | Noticed Joseph
 10561 | Lair:1   | Paralysed by Joseph for 7 turns
 10579 | Lair:1   | Killed Joseph
 10729 | Lair:1   | Reached skill level 1 in Fighting
 11102 | Lair:1   | Noticed Sonja
 11102 | Lair:1   | Noticed an eight-headed hydra
 11141 | Lair:1   | Noticed a spiny frog
 11263 | Lair:1   | Noticed Fannar
 11363 | Lair:2   | Found a staircase to the Shoals.
 11780 | Lair:2   | Reached XP level 11. HP: 54/93 MP: 3/15
 11810 | Lair:2   | Reached skill level 5 in Fighting
 12063 | Lair:2   | Slain by a blink frog

Skill      XL: |  1  2  3  4  5  6  7  8  9 10 11 |
---------------+----------------------------------+-----
Spellcasting   | 2 3 |  3.0
Necromancy     | 5 6 9 |  9.0
Dodging        | 4 6 8 9 |  9.0
Axes           | 1 6 8 9 |  9.0
Shields        | 4 9 |  9.1
Fighting       | 4 5 |  5.5
Stealth        | |  2.4

Action                   |  1- 3 |  4- 6 |  7- 9 | 10-12 || total
-------------------------+-------+-------+-------+-------++-------
Melee: Unarmed           |    47 |    53 |       |       ||   100
       Hand axe          |       |    45 |   297 |   172 ||   514
 Cast: Pain              |    38 |    83 |     2 |     8 ||   131
       Vampiric Draining |     6 |    45 |   113 |    83 ||   247
Evoke: Wand              |       |     2 |    28 |    10 ||    40
  Use: Scroll            |       |     5 |     7 |     6 ||    18
       Potion            |       |       |       |     5 ||     5
 Stab: Sleeping          |     4 |     3 |     4 |       ||    11
       Distracted        |       |       |     1 |       ||     1
  Eat: Chunk             |     2 |    15 |    25 |    18 ||    60
Armor: Robe              |    28 |     8 |       |     1 ||    37
       Animal skin       |       |    36 |    94 |    28 ||   158
Dodge: Dodged            |    49 |   113 |   329 |   156 ||   647
Block: Buckler           |       |       |    14 |    86 ||   100
